 Dungeon Crawl Stone Soup version 0.25-a0-940-gc6eaff51cc (webtiles) character file.

Game seed: 6685341258233953089, levelgen mode: deterministic

2240 kae the Frost Mage (level 9, -5/85 HPs)
             Began as a Merfolk Ice Elementalist on May 5, 2020.
             Slain by a wight
             ... wielding a +4 great sword
              (19 damage)
             ... on level 7 of the Dungeon.
             The game lasted 00:08:52 (8677 turns).

kae the Frost Mage (Merfolk Ice Elementalist)       Turns: 8677, Time: 00:08:53

Health: -5/85      AC:  2    Str:  9    XL:     9   Next: 36%
Magic:  13/27      EV: 13    Int: 20    God:
Gold:   226        SH:  0    Dex: 14    Spells: 6/21 levels left

rFire    . . .     SeeInvis .   k - +0 scythe
rCold    . . .     Gourm    .   (shield currently unavailable)
rNeg     . . .     Faith    .   a - +0 robe
rPois    .         Spirit   .   (no helmet)
rElec    .         Reflect  .   (no cloak)
rCorr    .         Harm     .   (no gloves)
MR       .....                  (no boots)
Stlth    ..........             (no amulet)
HPRegen  0.24/turn              i - +3 ring of intelligence
MPRegen  0.20/turn              m - ring of magical power

@: berserking, very slightly contaminated, lightly drained, very quick
A: change form in water, swift swim, stealthy swim
a: no special abilities


You were on level 7 of the Dungeon.
You were hungry.

You visited 1 branch of the dungeon, and saw 7 of its levels.

You collected 226 gold pieces.

Inventory:

Hand Weapons
 b - a +0 scythe
 d - a +1 whip
 g - a +1 whip of freezing
 k - a +0 scythe (weapon)
Armour
 a - a +0 robe (worn)
Jewellery
 i - a +3 ring of intelligence (left hand)
 m - a ring of magical power (right hand)
Wands
 p - a wand of random effects (15)
Scrolls
 e - a scroll of fog
 l - 2 scrolls of remove curse
 o - 4 scrolls of identify
Potions
 h - a potion of magic
 j - a potion of mutation
 s - a potion of stabbing
Comestibles
 c - 10 rations


   Skills:
 + Level 2.8(2.5) Polearms
 - Level 2.6(2.3) Dodging
 - Level 2.1(1.8) Stealth
 + Level 6.6(6.2) Spellcasting
 * Level 11.4(10.9) Ice Magic


You had 6 spell levels left.
You knew the following spells:

 Your Spells              Type           Power        Failure   Level  Hunger
a - Freeze                Ice            ####         1%          1    None
b - Frozen Ramparts       Ice            ######       1%          3    ##.....
c - Ozocubu's Armour      Chrm/Ice       ####....     3%          3    ##.....
d - Hailstorm             Conj/Ice       ####....     11%         4    ####...
e - Summon Ice Beast      Ice/Summ       ####....     11%         4    ####...

Your spell library contained the following spells:

 Spells                   Type           Power        Failure   Level  Hunger
 Confusing Touch          Hex            #.......     30%         3    ##.....
 Gell's Gravitas          Tloc           #.........   30%         3    ##.....
 Metabolic Englaciation   Hex/Ice        ####......   30%         5    #####..
 Petrify                  Tmut/Erth      #.......     71%         4    ####...
 Yara's Violent Unravell  Hex/Tmut       #.........   96%         5    #####..


Dungeon Overview and Level Annotations

Branches:
Dungeon (7/15)
 Temple: D:4-7

Altars:
Gozag
Kikubaaqudgha
Nemelex Xobeh
Okawaru
Trog
Yredelemnul

Annotations:
D:6 exclusions: quasit and 2 zombies, Grinder


Message History

Your ice beast hits the wight but does no damage.
The wight misses you.
The wight hits your ice beast with a cursed +1 battleaxe of flaming.
The wight melts your ice beast.
The wight throws a stone.
The stone closely misses your ice beast.
The stone hits the wight but does no damage.
Okay, then.
Okay, then.
A red film seems to cover your vision as you go berserk!
You feel yourself moving faster!
You feel mighty!
Your ice beast disappears in a puff of smoke!
The wight barely misses you.
The wight hits you with a cursed +1 battleaxe of flaming!
* * * LOW HITPOINT WARNING * * *
The wight burns you.
* * * LOW HITPOINT WARNING * * *
You closely miss the wight.
The wight is moderately damaged.
The wight hits you with a +4 great sword!!
You die...

.....###.# ###.......#
..######..## ............
#.########## #.#.. #.#.# ###
..#.# ##########+#@#.. ### #.#.#
#.........§zz#..# #.# #.#.. ..
#............#......#####.#..
#.##................##.#..<#.#.#
#...........(..###.....#.###.#.#
#...).#.........#......#.....#.#
#.....#.........##.....####..#.#
#.....#.........##......#....#.#
.'...%.#.....[....+...###....##.#


You could see 2 wights.

Vanquished Creatures
  Pikel (D:5)
  Sigmund (D:4)
  Edmund (D:4)
  A phantom (D:4)
  2 slaves (D:5)
  3 centaurs (D:5)
  A bullfrog (D:7)
  A scorpion (D:6)
  5 killer bees (D:7)
  A wight (D:7)
  3 howler monkeys
  2 crimson imps
  A bullfrog zombie (D:5)
  3 hounds
  A centaur skeleton (D:4)
  A bullfrog skeleton (D:5)
  An orc wizard (D:5)
  3 iguanas
  5 worker ants
  A hound zombie (D:6)
  5 gnolls
  4 adders
  A shadow imp (D:7)
  An ooze (D:5)
  2 adder skeletons
  2 worms
  3 dart slugs
  6 leopard geckos
  4 orcs
  A ball python (D:5)
  3 bats
  2 bat zombies (D:2)
  4 goblins
  7 hobgoblins
  11 jackals
  9 frilled lizards
  5 kobolds
  A leopard gecko skeleton (D:6)
  A leopard gecko zombie (D:5)
  6 rats
  A rat zombie (D:2)
117 creatures vanquished.

Vanquished Creatures (others)
  A centaur (D:5)
  A crimson imp (D:5)
  Ijyb (D:5)
  2 adders (D:5)
  A leopard gecko (D:5)
  4 orcs (D:5)
  A plant (D:6)
11 creatures vanquished.

Grand Total: 128 creatures vanquished

Notes
Turn   | Place    | Note
-------+----------+-------------------------------------------
     0 | D:1      | kae the Merfolk Ice Elementalist began the quest for the
                  | Orb.
     0 | D:1      | Reached XP level 1. HP: 13/13 MP: 3/3
    84 | D:1      | Reached XP level 2. HP: 19/19 MP: 0/5
   396 | D:1      | Reached skill level 5 in Ice Magic
   575 | D:1      | Reached XP level 3. HP: 24/24 MP: 4/6
  1495 | D:2      | Found an iron altar of Okawaru.
  1611 | D:2      | Reached XP level 4. HP: 27/30 MP: 2/8
  1793 | D:2      | Found an ancient bone altar of Kikubaaqudgha.
  1931 | D:3      | You fall into a shaft and drop 3 floors!
  2116 | D:6      | Reached skill level 6 in Ice Magic
  2116 | D:6      | Reached XP level 5. HP: 27/35 MP: 3/9
  2193 | D:6      | Learned a level 3 spell: Frozen Ramparts
  2205 | D:6      | Found a basalt altar of Yredelemnul.
  2232 | D:6      | Noticed Grinder
  2261 | D:6      | Found a sparkling altar of Nemelex Xobeh.
  2895 | D:6      | Reached XP level 6. HP: 31/41 MP: 4/11
  2959 | D:6      | Reached skill level 7 in Ice Magic
  3654 | D:5      | Entered Level 5 of the Dungeon
  3669 | D:5      | Noticed a slave
  3676 | D:5      | Killed a slave
  3739 | D:5      | Noticed Pikel
  3739 | D:5      | Noticed a slave
  3739 | D:5      | Noticed a slave
  3748 | D:5      | Killed a slave
  3751 | D:5      | Killed Pikel
  3751 | D:5      | Reached skill level 8 in Ice Magic
  3751 | D:5      | Reached XP level 7. HP: 28/46 MP: 3/14
  4142 | D:5      | Reached skill level 9 in Ice Magic
  4223 | D:5      | Reached skill level 5 in Spellcasting
  4223 | D:5      | Reached XP level 8. HP: 16/52 MP: 10/15
  4243 | D:5      | Killed Ijyb
  4787 | D:5      | Found a bloodstained altar of Trog.
  5589 | D:4      | Reached skill level 10 in Ice Magic
  5839 | D:4      | You fall into a shaft and drop 1 floor!
  6008 | D:4      | Learned a level 3 spell: Ozocubu's Armour
  6539 | D:4      | Identified the +1 ring mail of the Mind {rF- Str+6 Int+4}
  6777 | D:4      | Noticed Edmund
  6789 | D:4      | Killed Edmund
  6975 | D:4      | Noticed Sigmund
  6986 | D:4      | Killed Sigmund
  6986 | D:4      | Reached XP level 9. HP: 42/57 MP: 10/18
  7287 | D:5      | Learned a level 4 spell: Hailstorm
  7292 | D:5      | Learned a level 4 spell: Summon Ice Beast
  7331 | D:3      | Reached skill level 11 in Ice Magic
  7744 | D:3      | Reached skill level 1 in Polearms
  7793 | D:3      | Found an opulent altar of Gozag.
  8677 | D:7      | Slain by a wight

Levels and vault maps discovered:
D:1:      onia_arrival_pyramid, layout_basic
D:2:      layout_rooms, lemuel_zombie_altar_kikubaaqudgha,
          okawaru_metal_pillars_1_2
D:3:      layout_loops_ring, grunt_gozag_statues
D:4:      layout_cave_pools, first_ration, sigmund_edmund_badplayer
D:5:      minmay_opposing_rooms, layout_loops_ring, kennysheep_little_box,
          chequers_serial_rivers_room_b, uniq_pikel, uniq_ijyb, uniq_sigmund
D:6:      layout_basic, nemelex_xobeh_ov_fountains_minmay,
          nicolae_overflow_crystal_walls, basic_altar,
          mumra_transporter_accident, minmay_lizard_king, uniq_grinder
D:7:      layout_basic, temple_statues, the_bakery, wad_floor_pattern_untrapped

Skill      XL: |  1  2  3  4  5  6  7  8  9 |
---------------+----------------------------+-----
Ice Magic      | 5 6 8 9 10 11 | 11.4
Spellcasting   | 3 4 5 6 |  6.6
Polearms       | 2 |  2.8
Dodging        | |  2.6
Stealth        | |  2.1

Action                   |  1- 3 |  4- 6 |  7- 9 || total
-------------------------+-------+-------+-------++-------
Melee: Whip              |     3 |    57 |   105 ||   165
       Scythe            |       |       |    40 ||    40
 Cast: Freeze            |    45 |    41 |    81 ||   167
       Frozen Ramparts   |       |     6 |    34 ||    40
       Ozocubu's Armour  |       |       |     3 ||     3
       Summon Ice Beast  |       |       |     2 ||     2
       Hailstorm         |       |       |     2 ||     2
Evoke: Wand              |       |       |     2 ||     2
  Use: Scroll            |     5 |     5 |     5 ||    15
       Potion            |       |       |     8 ||     8
 Stab: Sleeping          |       |       |     1 ||     1
  Eat: Chunk             |     1 |     3 |    13 ||    17
       Ration            |       |     2 |     1 ||     3
Armor: Robe              |     5 |    18 |    20 ||    43
       Skin              |       |       |     4 ||     4
Dodge: Dodged            |    32 |    78 |   174 ||   284

Table legend:
 A = Non-vault XP
 B = Vault XP
 C = Vault XP percentage of total XP
 D = Non-vault monster count
 E = Vault monster count
 F = Vault count percentage of total count
                 A         B        C        D         E       F
            +---------+---------+-------+---------+---------+-------
      Total |    1704 |    1496 |  46.8 |      92 |      23 |  20.0
            +---------+---------+-------+---------+---------+-------
        D:1 |      45 |       0 |   0.0 |      19 |       0 |   0.0
        D:2 |      40 |       5 |  11.1 |       9 |       3 |  25.0
        D:3 |     129 |       0 |   0.0 |      17 |       0 |   0.0
        D:4 |     399 |     402 |  50.2 |      15 |       2 |  11.8
        D:5 |     215 |    1032 |  82.8 |       9 |       9 |  50.0
        D:6 |     319 |      57 |  15.2 |      13 |       9 |  40.9
        D:7 |     557 |       0 |   0.0 |      10 |       0 |   0.0
            +---------+---------+-------+---------+---------+-------
